Map: Traitor's Exile

Players

OpuS - Winner!

  • Race: Protoss Protoss
  • Spawn Location: 6:00

Sketchaphone - Winner!

  • Race: Zerg Zerg
  • Spawn Location: 5:00

KillaClown

  • Race: Zerg Zerg
  • Spawn Location: 9:00

killernichol

  • Race: Protoss Protoss
  • League: Silver
  • Spawn Location: 12:00

VOD

Have the link to the VOD?

Description

Time

  • Played on: Jan. 22, 2019, 2:31 p.m.
  • Length: 11:12
Show
View Real Time Build Order
Export as new Build Order

OpuS Protoss - Winner!

Build Orders:  

Get SALT Encoding   

  12  0:01  Probe  
  13  0:13  Probe  
  14  0:22  Pylon  
  14  0:25  Probe  
  15  0:40  Probe  
  16  0:46  Gateway  
  16  0:49  Probe  
  17  0:57  Probe  
  17  0:58  Assimilator  
  18  1:07  Probe  
  19  1:17  Gateway  
  19  1:19  Probe  
  20  1:45  Pylon  
  20  1:48  Cybernetics Core, Zealot  
  22  1:54  Probe  
  23  2:02  Probe  
  24  2:10  Probe  
  25  2:16  Assimilator  
  25  2:21  Probe  
  26  2:26  Warp Gate  
  26  2:30  Robotics Facility  
  26  2:32  Gateway  
  26  2:39  Pylon  
  25  2:48  Adept x2  
  29  3:19  Nexus  
  29  3:22  Pylon  
  29  3:26  Observer  
  30  3:30  Adept  
  32  3:37  Adept  
  34  3:51  Probe  
  35  4:14  Probe  
  35  4:16  Adept x2  
  35  4:17  Adept  
  42  4:26  Probe  
  42  4:30  Probe  
  44  4:38  Probe  
  44  4:42  Probe  
  44  4:44  Stalker x2  
  44  4:45  Stalker  
  52  4:51  Probe  
  47  5:18  Probe x2  
  47  5:23  Zealot x3  
  45  5:30  Gateway, Probe x2  
  45  5:33  Twilight Council  
  47  5:42  Probe x2  
  49  5:45  Adept x3  
  55  5:54  Probe x2  
  57  6:06  Probe  
  57  6:07  Adept x2  
  58  6:12  Pylon  
  58  6:14  Pylon  
  58  6:16  Pylon  
  58  6:18  Probe  
  59  6:21  Assimilator  
  59  6:26  Assimilator  
  59  6:29  Adept  
  59  6:31  Adept  
  59  6:32  Adept x2  
  67  6:53  Nexus  
  65  6:58  Charge  
  59  7:05  Stalker x4  
  67  7:09  Probe x2  
  67  7:21  Probe x2  
  65  7:44  Zealot x3  
  65  7:45  Zealot  
  65  7:46  Probe x2  
  69  7:58  Gateway, Probe  
  68  8:05  Gateway  
  64  8:07  Gateway  
  64  8:09  Gateway, Zealot x3  
  70  8:15  Zealot  
  72  8:23  Probe x2, Templar Archives  
  72  8:27  Probe  
  75  8:35  Probe  
  76  8:47  Zealot x3  
  76  8:48  Zealot  
  84  8:57  Probe x3  
  87  9:04  Zealot x4  
  87  9:09  Probe x3  
  98  9:12  Pylon  
  98  9:15  Pylon  
  98  9:16  Pylon  
  98  9:18  Pylon  
  98  9:21  Assimilator  
  98  9:26  Assimilator  
  98  9:42  Zealot x6  
  98  9:43  Zealot x2  
  114  9:51  Probe x2  
  114  9:52  Probe  
  117  9:55  Forge  
  117  9:57  Forge  
  117  9:58  Forge  
  117  10:03  Probe  
  117  10:05  High Templar x4  
  117  10:06  High Templar  
  117  10:07  High Templar x2  
  130  10:20  Pylon  
  124  10:22  Pylon, Archon  
  124  10:23  Pylon, Archon x2  
  124  10:24  Pylon  
  124  10:25  High Templar  
  118  10:37  Archon  
  110  10:59  High Templar x3  
  110  11:00  High Templar x5  
  126  11:08  Gateway  
  126  11:09  Gateway, Archon  
Show
View Real Time Build Order
Export as new Build Order

Sketchaphone Zerg - Winner!

Build Orders: Hatch First 

Get SALT Encoding   

  12  0:01  Drone  
  13  0:14  Overlord  
  13  0:23  Drone  
  13  0:26  Drone, Extractor  
  15  0:32  Drone  
  16  0:37  Drone  
  17  1:00  Drone, Hatchery  
  17  1:03  Extractor  
  16  1:08  Drone  
  17  1:24  Spawning Pool  
  16  1:33  Drone  
  16  1:34  Drone x2  
  19  1:57  Drone  
  19  1:58  Overlord  
  20  2:12  Spine Crawler  
  20  2:13  Metabolic Boost  
  20  2:14  Zergling x4  
  21  2:24  Zergling x2  
  21  2:25  Zergling x2  
  23  2:30  Drone  
  23  2:32  Queen  
  23  2:33  Drone  
  27  2:37  Drone  
  28  2:54  Zergling x2  
  28  2:55  Zergling x4  
  30  3:12  Zergling x2  
  31  3:15  Zergling x4  
  31  3:27  Roach Warren  
  30  3:34  Overlord  
  30  3:40  Overlord  
  30  3:41  Overlord  
  30  4:02  Drone x2  
  26  4:11  Drone  
  26  4:12  Queen  
  26  4:13  Drone  
  29  4:17  Drone x3  
  29  4:22  Drone  
  33  4:25  Extractor  
  33  4:27  Hatchery  
  33  4:30  Drone  
  32  4:35  Drone x5  
  37  4:39  Drone  
  37  4:40  Drone  
  39  4:48  Drone  
  40  4:55  Queen  
  40  4:56  Drone x2  
  44  5:03  Evolution Chamber  
  44  5:04  Evolution Chamber  
  44  5:05  Lair  
  42  5:08  Drone  
  42  5:09  Drone  
  42  5:11  Drone  
  45  5:17  Overlord  
  45  5:25  Drone  
  45  5:26  Drone x2  
  45  5:27  Roach x2  
  52  5:35  Roach x3  
  58  5:48  Queen  
  60  5:50  Overlord x2  
  60  5:56  Roach x3  
  66  5:58  Roach  
  66  6:03  Roach x2  
  72  6:14  Zergling x4  
  74  6:21  Zerg Ground Armor Level 1  
  74  6:22  Glial Reconstitution, Zerg Missile Weapons Level 1  
  74  6:30  Drone x2  
  74  6:31  Roach x3  
  74  6:32  Overlord  
  82  6:36  Pneumatized Carapace  
  82  6:46  Overlord x2  
  74  7:02  Zergling x32  
  86  7:13  Extractor  
  86  7:14  Extractor  
  84  7:17  Zergling x4  
  86  7:23  Evolution Chamber  
  81  7:40  Roach x10  
  93  7:52  Zerg Melee Weapons Level 1  
  93  7:53  Hydralisk Den, Overlord x2  
  93  7:56  Drone  
  93  7:57  Drone x4  
  97  8:00  Extractor  
  90  8:32  Zergling x22  
  93  8:41  Drone  
  93  8:42  Drone  
  93  8:50  Zerg Missile Weapons Level 2  
  93  8:52  Overlord x2  
  93  8:53  Hydralisk x3  
  93  8:54  Hydralisk x2  
  93  8:55  Lurker Den  
  102  8:59  Hydralisk  
  104  9:23  Ravager  
  105  9:26  Grooved Spines  
  96  9:42  Zergling x14  
  96  9:43  Zergling x16  
  111  9:47  Drone  
  111  9:52  Drone  
  97  10:25  Zergling x12  
  97  10:26  Zergling x16  
  98  11:07  Infestation Pit  
Show
View Real Time Build Order
Export as new Build Order

KillaClown Zerg 

Build Orders: Hatch First 

Get SALT Encoding   

  12  0:01  Drone  
  13  0:15  Overlord  
  13  0:19  Drone  
  14  0:34  Drone x2  
  16  0:47  Drone  
  17  0:56  Hatchery  
  16  1:03  Drone x2  
  18  1:18  Spawning Pool  
  17  1:19  Extractor  
  17  1:20  Drone  
  17  1:23  Drone  
  18  1:38  Drone  
  19  1:45  Drone  
  20  1:59  Drone  
  21  2:07  Baneling Nest, Zergling x2  
  21  2:08  Queen  
  23  2:09  Queen  
  23  2:11  Zergling x2  
  26  2:16  Overlord  
  26  2:21  Zergling x2  
  27  2:29  Drone  
  28  2:40  Metabolic Boost  
  28  2:46  Roach Warren  
  27  2:57  Zergling x2  
  27  2:58  Zergling x10  
  31  3:24  Drone x3  
  31  3:25  Drone x2  
  35  3:32  Baneling  
  35  3:34  Baneling  
  35  3:42  Baneling x2  
  35  3:45  Overlord x2  
  34  4:02  Queen  
  34  4:06  Hatchery  
  33  4:20  Zergling x2  
  33  4:21  Zergling x4  
  33  4:22  Drone  
  33  4:23  Drone x6  
  43  4:30  Lair  
  43  4:33  Extractor  
  43  4:34  Drone  
  43  4:44  Roach x2  
  43  4:57  Zergling x10  
  43  4:58  Zergling x6  
  44  5:07  Roach x2  
  44  5:15  Spine Crawler  
  41  5:26  Roach x3  
  41  5:27  Roach  
  49  5:32  Drone x2  
  51  5:37  Drone x2  
  51  5:42  Drone x2  
  55  5:47  Baneling  
  55  5:48  Baneling  
  55  5:50  Roach  
  57  5:58  Overlord  
  57  5:59  Overlord  
  44  6:19  Drone x2  
  44  6:20  Drone x6  
  44  6:21  Drone x2  
  54  6:30  Queen  
  56  6:36  Drone x3  
  56  6:37  Drone x2  
  61  6:44  Extractor  
  61  6:45  Drone x3, Extractor  
  62  6:56  Roach x3, Zergling x2  
  63  7:10  Zergling x12  
  63  7:11  Zergling x8  
  71  7:17  Glial Reconstitution  
  70  7:33  Roach  
  70  7:34  Roach  
  71  7:39  Baneling  
  71  7:40  Baneling x2  
  69  7:51  Drone x3  
  69  7:52  Drone x2  
  69  7:54  Overlord x3  
  74  8:01  Hydralisk Den  
  72  8:06  Overlord x2  
  72  8:07  Extractor  
  72  8:08  Drone x3  
  69  8:23  Zergling x4  
  69  8:24  Zergling x12  
  73  8:29  Queen, Zergling x2  
  76  8:34  Ravager  
  76  8:36  Zergling x6  
  76  8:40  Hydralisk  
  76  8:41  Hydralisk x3  
  80  8:43  Grooved Spines  
  86  8:52  Ravager x4  
  86  8:54  Roach x5  
  86  8:55  Roach x2  
  104  9:01  Spine Crawler  
  103  9:06  Baneling x3  
  103  9:07  Baneling x2  
  103  9:14  Overlord  
  103  9:15  Overlord  
  103  9:16  Evolution Chamber  
  102  9:17  Drone x5  
  102  9:18  Drone x3  
  107  9:48  Hydralisk x4  
  115  9:54  Muscular Augments  
  115  9:55  Baneling x2, Hatchery  
  115  9:56  Baneling x5  
  115  9:58  Extractor  
  113  10:02  Extractor  
  113  10:03  Baneling  
  72  10:28  Roach x5  
  56  10:29  Roach x6  
  56  10:34  Roach  
  56  10:35  Roach  
  71  10:45  Roach x4  
  71  10:47  Roach x3  
Show
View Real Time Build Order
Export as new Build Order

killernichol Protoss 

Build Orders:  

Get SALT Encoding   

  13  0:07  Probe  
  13  0:23  Pylon  
  13  0:48  Probe  
  14  0:59  Gateway  
  14  1:00  Probe  
  15  1:16  Gateway  
  15  1:21  Probe  
  15  1:25  Pylon  
  16  1:28  Assimilator  
  16  1:29  Probe  
  16  1:37  Probe  
  17  1:49  Probe  
  17  1:51  Assimilator  
  18  2:01  Cybernetics Core  
  18  2:19  Probe  
  19  2:31  Probe  
  20  2:37  Pylon  
  20  2:39  Stalker x2  
  24  2:57  Forge  
  24  3:03  Probe  
  25  3:11  Robotics Facility  
  25  3:15  Pylon, Probe  
  25  3:18  Pylon  
  26  3:27  Probe  
  25  3:49  Sentry x2  
  29  4:15  Stalker  
  31  4:24  Warp Gate  
  31  4:48  Nexus  
  31  5:05  Stalker  
  33  5:11  Immortal  
  33  5:13  Probe  
  36  5:25  Probe  
  37  5:37  Probe  
  38  5:49  Probe  
  39  5:51  Immortal  
  43  6:01  Probe  
  44  6:04  Gateway  
  44  6:05  Pylon  
  44  6:13  Probe  
  44  6:14  Zealot x2  
  49  6:24  Probe  
  49  6:25  Probe  
  51  6:36  Probe  
  51  6:37  Probe  
  53  6:51  Stalker x2  
  37  7:16  Sentry x3  
  12  7:59  Stalker x3  
  12  8:02  Probe x2  
  20  8:21  Probe x2  
  22  8:33  Probe x2  
  22  8:44  Probe  
  22  8:45  Probe  
  24  8:53  Probe x2  
  24  8:59  Observer  
  24  9:01  Protoss Ground Weapons Level 1  
  27  9:06  Adept  
  29  9:22  Gateway  
  29  9:39  Stalker  
  31  9:48  Probe x2  
  25  10:22  Stalker x3  
  22  10:51  Stalker  
  22  10:52  Zealot  
  22  10:53  Zealot x2  
Tags
 
Add a new tag
Caveats
  • Supply blocks, unpowered buildings, or Contaminate may cause inaccurate times.
  • Supply counts are checked every 10 seconds.